Map: Glittering Ashes LE

Players

Sweendawg

  • Race: Zerg Zerg
  • League: Master
  • Spawn Location: 1:00

Warthog - Winner!

  • Race: Terran Terran
  • League: Master
  • Spawn Location: 7:00

VOD

Have the link to the VOD?

Description

Time

  • Played on: Dec. 15, 2021, 8:18 p.m.
  • Length: 11:42
Show
View Real Time Build Order
Export as new Build Order

Sweendawg Zerg 

Build Orders: Hatch First 

Get SALT Encoding   

  12  0:00  Drone  
  13  0:09  Drone  
  14  0:16  Overlord  
  14  0:34  Drone x3  
  17  0:54  Hatchery  
  17  0:55  Drone  
  17  1:02  Drone  
  18  1:11  Spawning Pool  
  17  1:13  Drone  
  17  1:16  Extractor  
  18  1:18  Drone  
  18  1:28  Drone  
  19  1:39  Drone  
  20  1:55  Hatchery  
  20  1:57  Queen  
  20  2:00  Drone  
  22  2:06  Queen  
  24  2:09  Zergling x2  
  25  2:15  Overlord  
  25  2:19  Drone  
  26  2:26  Drone x2  
  27  2:44  Queen  
  26  2:46  Queen  
  26  2:49  Drone x2  
  32  2:52  Drone  
  33  2:59  Drone x2  
  35  3:06  Overlord  
  35  3:09  Overlord  
  34  3:23  Lair  
  34  3:33  Drone x3  
  34  3:34  Drone x2  
  41  3:36  Drone  
  41  3:37  Drone x3  
  41  3:41  Drone x2  
  45  3:45  Extractor  
  45  3:47  Drone  
  45  3:48  Drone  
  46  3:49  Drone  
  46  3:51  Drone  
  46  3:53  Drone  
  49  3:57  Extractor  
  48  4:04  Drone x5  
  53  4:22  Drone  
  53  4:23  Drone x2  
  56  4:26  Hydralisk Den  
  56  4:31  Drone x2  
  57  4:32  Extractor  
  57  4:33  Overlord x4  
  56  4:38  Overlord  
  56  4:39  Drone  
  56  4:43  Extractor  
  56  4:57  Hydralisk x7  
  56  4:58  Hydralisk  
  72  5:01  Grooved Spines  
  69  5:13  Drone x2  
  69  5:14  Drone x3  
  69  5:15  Drone  
  65  5:30  Drone x2  
  65  5:31  Drone x3  
  65  5:32  Drone x2  
  65  5:40  Drone x3  
  67  5:46  Drone x2  
  69  5:53  Drone x3  
  69  5:55  Overseer  
  72  5:57  Hydralisk x2  
  72  6:00  Hydralisk  
  72  6:02  Drone  
  79  6:10  Drone x2  
  81  6:13  Muscular Augments  
  81  6:17  Drone x3  
  84  6:35  Hydralisk x3  
  84  6:36  Hydralisk x2  
  84  6:37  Overlord x2  
  84  6:39  Hydralisk x2  
  98  6:50  Hydralisk x4  
  98  6:51  Hydralisk  
  90  6:58  Drone x3  
  90  6:59  Drone x3  
  90  7:01  Hydralisk, Extractor  
  96  7:06  Drone x2  
  96  7:07  Drone x3  
  102  7:19  Infestation Pit  
  102  7:20  Hatchery  
  100  7:33  Drone x4, Evolution Chamber  
  100  7:35  Evolution Chamber  
  100  7:36  Evolution Chamber  
  101  7:37  Hydralisk x2  
  105  7:54  Overlord  
  105  7:55  Overlord x6  
  105  7:58  Pathogen Glands  
  105  7:59  Zerg Missile Weapons Level 1  
  105  8:01  Zerg Ground Armor Level 1  
  105  8:02  Hive  
  105  8:13  Hydralisk x7  
  119  8:39  Hatchery  
  118  8:43  Overlord x3  
  118  8:44  Infestor x3  
  118  8:45  Infestor  
  126  8:52  Extractor  
  118  9:08  Drone x3  
  118  9:09  Drone x3  
  118  9:14  Hydralisk x5  
  118  9:15  Hydralisk x5  
  138  9:23  Hydralisk x2  
  138  9:26  Ultralisk Cavern  
  138  9:28  Hydralisk  
  137  9:42  Hatchery  
  136  9:48  Hydralisk x2  
  136  9:49  Hydralisk  
  142  10:01  Drone  
  142  10:05  Hatchery  
  142  10:11  Hydralisk, Hatchery  
  142  10:12  Hydralisk x6  
  133  10:17  Hydralisk x2  
  137  10:25  Hydralisk x3  
  142  10:32  Hydralisk x2  
  142  10:33  Hydralisk  
  138  10:36  Hydralisk  
  138  10:38  Hydralisk  
  136  11:00  Hydralisk x4  
  136  11:01  Extractor  
  137  11:04  Extractor  
Show
View Real Time Build Order
Export as new Build Order

Warthog Terran - Winner!

Build Orders: Liberator Opening, Reaper Expand 

Get SALT Encoding   

  12  0:00  SCV  
  13  0:12  SCV  
  14  0:18  Supply Depot  
  14  0:24  SCV  
  15  0:39  SCV  
  15  0:41  Barracks  
  16  0:44  Refinery  
  16  0:51  SCV  
  17  1:03  SCV  
  18  1:16  SCV  
  19  1:29  Reaper, Orbital Command  
  20  1:40  Command Center  
  20  1:49  Supply Depot  
  20  1:54  SCV  
  21  2:01  Marine  
  22  2:09  SCV  
  22  2:10  Factory  
  23  2:16  Refinery  
  23  2:21  SCV  
  23  2:22  Barracks Reactor  
  24  2:33  SCV  
  25  2:45  SCV  
  26  2:51  Orbital Command  
  26  2:56  Starport  
  26  2:57  SCV  
  27  3:16  Hellion x2, Barracks Tech Lab  
  27  3:17  SCV  
  32  3:28  SCV  
  32  3:29  SCV  
  32  3:33  Supply Depot  
  34  3:35  Liberator  
  34  3:40  SCV, Hellion x2  
  42  3:41  SCV  
  43  3:50  Supply Depot  
  43  3:52  SCV  
  44  3:58  SCV  
  45  4:03  Command Center  
  44  4:12  SCV x2  
  44  4:16  Hellion x2  
  50  4:24  SCV, Stimpack, Marine, Starport Reactor  
  50  4:25  SCV  
  53  4:32  Supply Depot  
  53  4:36  SCV  
  54  4:40  Barracks  
  54  4:42  SCV  
  54  4:43  Barracks, Factory Reactor  
  55  4:49  SCV  
  56  4:57  SCV  
  56  4:59  Engineering Bay  
  57  5:00  Engineering Bay, Refinery x2  
  57  5:08  SCV  
  57  5:09  SCV  
  57  5:10  Starport Reactor  
  59  5:15  Marine  
  59  5:20  SCV  
  62  5:25  Orbital Command  
  62  5:28  Marine x2  
  61  5:31  Terran Infantry Armor Level 1, Terran Infantry Weapons Level 1  
  61  5:33  Barracks, Marine  
  61  5:34  SCV, Factory Tech Lab  
  61  5:35  Barracks  
  63  5:42  Bunker  
  60  5:45  Marine  
  60  5:46  Marine  
  60  5:47  SCV x2  
  64  5:51  SCV, Marine  
  64  5:52  Marine x2  
  64  5:54  Siege Tank  
  71  6:00  Medivac  
  71  6:01  Armory  
  71  6:03  Marine x2  
  71  6:04  Combat Shield  
  75  6:05  SCV  
  75  6:09  Marine  
  77  6:12  SCV, Orbital Command  
  77  6:16  Supply Depot  
  77  6:18  Supply Depot  
  79  6:21  Marine  
  77  6:33  Siege Tank  
  77  6:34  Barracks Reactor  
  77  6:36  SCV x2  
  77  6:37  Supply Depot  
  77  6:38  Supply Depot, Marine x2  
  77  6:39  Marine  
  85  6:44  Supply Depot x2  
  85  6:50  Orbital Command  
  78  6:59  SCV x2  
  80  7:08  Terran Vehicle Weapons Level 1  
  80  7:09  Siege Tank, Marine  
  80  7:10  Marauder, Marine x3  
  80  7:11  SCV x2, Marine x2  
  93  7:15  Medivac x2  
  93  7:16  SCV  
  93  7:21  Supply Depot  
  98  7:23  SCV  
  98  7:24  SCV  
  98  7:27  Marine x3  
  98  7:28  Marine  
  98  7:29  Marine x2  
  106  7:32  SCV  
  106  7:36  SCV x2  
  109  7:38  Refinery, Marauder, Factory  
  109  7:39  Concussive Shells, Refinery  
  109  7:41  Terran Infantry Weapons Level 2  
  109  7:43  Terran Infantry Armor Level 2  
  112  7:44  SCV  
  112  7:45  Marine x4  
  112  7:48  Medivac  
  118  7:54  Marine  
  119  7:59  Marauder  
  119  8:02  Marine  
  119  8:03  SCV  
  122  8:21  Marauder  
  122  8:22  Marine x2  
  122  8:24  SCV, Factory Tech Lab  
  122  8:26  Marine x2  
  129  8:29  SCV x2  
  131  8:34  Marine  
  131  8:35  Marine  
  131  8:36  SCV  
  131  8:39  Supply Depot  
  131  8:40  Marine x2  
  136  8:41  Supply Depot  
  136  8:42  Marauder  
  136  8:43  Supply Depot, Marine  
  136  8:44  Command Center  
  138  8:58  Marine  
  136  9:04  Marauder  
  136  9:07  Marine  
  136  9:08  Marine  
  136  9:09  Siege Tank x2  
  146  9:11  Marine  
  146  9:13  Marine  
  146  9:14  SCV  
  146  9:15  SCV  
  146  9:16  Marine x2  
  152  9:17  Terran Vehicle Weapons Level 2  
  152  9:18  Supply Depot  
  152  9:21  Supply Depot  
  152  9:22  Marine  
  152  9:23  Supply Depot  
  153  9:25  Marauder  
  153  9:28  Marine  
  153  9:31  Marine x2  
  148  9:32  Marine x2  
  148  9:33  Marine  
  151  9:40  Marine  
  151  9:42  Marine  
  151  9:44  SCV x2  
  151  9:45  Supply Depot  
  155  9:46  Marauder, Marine  
  155  9:48  Marine  
  155  9:49  Marine  
  155  9:50  Marine  
  155  9:51  Marine  
  162  9:58  Supply Depot x2, Marine  
  163  10:01  Marine x2  
  157  10:08  Marauder  
  155  10:19  Marine  
  156  10:29  Marauder  
  156  10:34  Marine x7  
  143  10:35  Siege Tank  
  143  10:36  Medivac  
  135  10:44  Marine  
  135  10:45  Planetary Fortress  
  135  10:49  Barracks x2  
  133  10:50  Barracks  
  133  10:51  Marauder, Marine  
  132  11:08  Medivac, Siege Tank  
  132  11:10  Marine x4  
  132  11:11  Marine  
  127  11:12  Marauder  
Tags
 
Add a new tag
Caveats
  • Supply blocks, unpowered buildings, or Contaminate may cause inaccurate times.
  • Supply counts are checked every 10 seconds.